 Dungeon Crawl Stone Soup version 0.32-a0-630-g46d191b0ed (webtiles) character file.

Game seed: 9341565703850925663

126 ezpacito the Trooper (level 5, -2/63 HPs)
             Began as a Coglin Chaos Knight on Mar 6, 2024.
             Was a Plaything of Xom.
             Incinerated by a bombardier beetle (4 damage)
             ... with a burning spray
             ... on level 3 of the Dungeon.
             The game lasted 00:02:15 (1515 turns).

ezpacito the Trooper (Coglin Chaos Knight)          Turns: 1515, Time: 00:02:16

Health: -2/63      AC: 22    Str: 14    XL:     5   Next: 10%
Magic:  6/6        EV:  2    Int: 15    God:    Xom [...*..]
Gold:   182        SH:  0    Dex: 12    Spells: 6/6 levels left

rFire   . . .        a - +1 hand axe (chaos) {Raúl}
rCold   . . .        d - +0 dagger {Djefatnebti}
rNeg    . . .        b - melded +3 leather armour
rPois   +            (helmet currently unavailable)
rElec   .            (cloak currently unavailable)
rCorr   .            o - melded +0 pair of gloves "Azxuiw" {rElec rPois rN++ Stlth+}
SInv    .            (boots currently unavailable)
Will    .....        (no amulet)
Stlth   +            (no ring)
HPRegen 0.30/turn    (no ring)
MPRegen 0.10/turn    (no gizmo)

%: no passive effects
@: on fire, tree-form, glowing, revving
A: stationary, stasis, torment immunity, boosted hp, off-hand wielding, slow
wielding, warmup strikes, (no jewellery), (antennae 1), clever 1, MP-powered
wands
a: Invent Gizmo, Renounce Religion


You were on level 3 of the Dungeon.
You worshipped Xom.
You were a favourite toy of Xom.
You were a tree.
You visited 1 branch of the dungeon, and saw 3 of its levels.

You collected 182 gold pieces.

Inventory:

Hand Weapons
 a - a +1 hand axe of chaos (weapon) {Raúl}
 d - a +0 dagger (offhand) {Djefatnebti}
Armour
 b - a +3 leather armour (melded)
 o - the +0 pair of gloves "Azxuiw" (melded) {rElec rPois rN++ Stlth+}
   (You found it on level 2 of the Dungeon)

   rElec:     It insulates you from electricity.
   rPois:     It protects you from poison.
   rN++:      It greatly protects you from negative energy.
   Stlth+:    It makes you more stealthy.
Scrolls
 c - a scroll of butterflies
 g - a scroll of fear
 i - 2 scrolls of identify
 k - a scroll of torment {unknown}
 l - a scroll of revelation
 m - a scroll of brand weapon {unknown}
 t - a scroll of teleportation
Potions
 h - a potion of magic


   Skills:
 * Level 3.7 Fighting
 * Level 3.4(3.5) Axes
 + Level 0.8(2.1) Polearms
 * Level 2.5 Armour
 * Level 1.7 Dodging
 + Level 1.0 Stealth
 + Level 1.0 Spellcasting


You had 6 spell levels left.
You didn't know any spells.
Your spell library contained the following spells:

 Spells                   Type           Power      Damage    Failure   Level
 Call Imp                 Summ           0%         N/A       36%         2
 Sublimation of Blood     Necr           0%         N/A       36%         2
 Summon Hydra             Summ           0%         N/A       100%        7


Dungeon Overview and Level Annotations

Branches:
Dungeon (3/15)

Altars:
Yredelemnul

Shops:
D:3 =


Innate Abilities, Weirdness & Mutations

You are a tree.
Your roots penetrate the ground, keeping you stationary.
You cannot be teleported.
You are immune to unholy pain and torment.
Your maximum health is greatly increased.
Your equipment is partially melded.
You can wield a second weapon in your off-hand.
It takes a long time for you to wield or remove held weapons.
Your first few attacks do less damage.
((You cannot equip rings or amulets.))
((You have a pair of small antennae on your head.))
Your mind is acute. (Int +4, Str/Dex -1)
You expend magic power (3 MP) to strengthen your wands.


Message History

* * * LOW HITPOINT WARNING * * *
You take 3 damage, and have 17/63 hp.
Okay, then.
As you read the scroll labelled DAZA RUASH, it crumbles to dust.
You feel aware of your surroundings.
You sensed 1 altar.
It was a scroll of revelation.
The liquid fire burns you!
* * * LOW HITPOINT WARNING * * *
You take 3 damage, and have 14/63 hp.
As you read the scroll labelled DISMITH FEPA, it crumbles to dust.
You assume a fearsome visage.
Nothing appears to happen.
It was a scroll of fear.
g - a scroll of fear The liquid fire burns you!
* * * LOW HITPOINT WARNING * * *
You take 2 damage, and have 12/63 hp.
As you read the scroll labelled MOOBEUFAYNK, it crumbles to dust.
You feel a strange sense of stasis.
It was a scroll of teleportation.
t - a scroll of teleportation The liquid fire burns you!
* * * LOW HITPOINT WARNING * * *
You take 2 damage, and have 10/63 hp.
As you read the scroll labelled CEV KIYN ENUA, it crumbles to dust.
It is a scroll of enchant weapon.
Your +0 hand axe of chaos {Raúl} glows red for a moment.
The liquid fire burns you!
* * * LOW HITPOINT WARNING * * *
You take 5 damage, and have 5/63 hp.
As you read the scroll labelled FIECHI ZUDOBAI, it crumbles to dust.
It is a scroll of enchant armour.
Your +2 leather armour glows green for a while.
The liquid fire burns you!
* * * LOW HITPOINT WARNING * * *
You take 3 damage, and have 2/63 hp.
The air fills with toxic fumes!
As you read the scroll labelled UNIXKI RUGAUSE, it crumbles to dust.
It was a scroll of poison.
The liquid fire burns you!
You die... "This toy is broken."

...##.........#
##.##.#.......##########*
##.##.#.......##§§§§§§§§*
##.##.#.......##§§§§§§§§*
......##########§§§§§§§§*
##..### #######§§§§§§§§*
#[..## #######§§§§§§♣.*
##....# #######KS§§♣§§§*
...†..##########♣§§§§§♣.*
..###...#######§B§§§§§§§*
### ###.....##§§§§§§§§§§*
.# ####..§§§###§#####* .#
**#..§######§##### )#
***#...#.######§##### .#
*....###....##..#####
.#*#.###*#####....######
..,.,* **,,**


You could see a friendly adder (summoned), a friendly giant cockroach (summoned)
and a friendly kobold (summoned).

Vanquished Creatures
  A bombardier beetle (D:3)
  Jessica (D:2)
  2 adders
  3 dart slugs
  6 endoplasms
  6 giant cockroaches
  5 goblins
  4 hobgoblins
  3 kobolds
  A quokka (D:1)
  3 ball pythons
  4 bats
  5 frilled lizards
  2 rats (D:1)
46 creatures vanquished.

Notes
Turn   | Place    | Note
-------+----------+-------------------------------------------
     0 | D:1      | ezpacito the Coglin Chaos Knight began the quest for the
                  | Orb.
     0 | D:1      | Reached XP level 1. HP: 18/18 MP: 1/1
   101 | D:1      | Reached skill level 1 in Dodging
   101 | D:1      | Reached XP level 2. HP: 24/24 MP: 2/2
   146 | D:1      | XOM: divination: detect creatures
   173 | D:1      | XOM: 1-stop teleportation journey
   208 | D:1      | XOM is BORED!
   339 | D:1      | Found a faded altar of an unknown god.
   371 | D:1      | XOM: summons 1 hostile demon
   372 | D:1      | Noticed a crimson imp
   632 | D:2      | Reached XP level 3. HP: 23/29 MP: 3/3
   793 | D:2      | XOM: give mutations
   793 | D:2      | Gained mutation: You expend magic power (3 MP) to
                  | strengthen your wands. [Xom's grace]
   793 | D:2      | Gained mutation: Your mind is acute. (Int +4, Str/Dex -1)
                  | [Xom's grace]
   793 | D:2      | Gained mutation: You have a pair of small antennae on your
                  | head. [Xom's grace]
   809 | D:2      | Noticed Jessica
   816 | D:2      | Killed Jessica
   817 | D:2      | Reached XP level 4. HP: 25/35 MP: 3/5
   873 | D:2      | XOM: 1-stop teleportation journey
  1174 | D:2      | Identified the +0 pair of gloves "Azxuiw" {rElec rPois rN++
                  | Stlth+}
  1416 | D:3      | Found a basalt altar of Yredelemnul.
  1493 | D:3      | Found Xuefam's Jewellery Emporium.
  1506 | D:3      | Reached skill level 1 in Stealth
  1506 | D:3      | Reached skill level 1 in Spellcasting
  1506 | D:3      | Reached XP level 5. HP: 28/42 MP: 6/6
  1514 | D:3      | HP: 1/63 [burnt (4)]
  1515 | D:3      | Incinerated by a bombardier beetle

Illustrated notes

Levels and vault maps discovered:
D:1:      lightli_arrival_lavapool, layout_rooms, shapermc_ecumenical_altar_gd
D:2:      layout_loops_ring, minmay_worlds_worst_comb, uniq_jessica
D:3:      layout_rooms, fedhas_altar_1, yredelemnul_altar_generic, serial_shops,
          nicolae_shop_trees

Skill      XL: |  1  2  3  4 |
---------------+-------------+-----
Dodging        | 1 |  1.7
Armour         | 2 |  2.5
Stealth        | 1 |  1.0
Spellcasting   | 1 |  1.0
Fighting       | |  3.7
Axes           | |  3.4
Polearms       | |  0.8

Action                     |  1- 3 |  4- 6 || total
---------------------------+-------+-------++-------
  Melee: Hand axe          |    41 |    53 ||    94
         Dagger            |    41 |    53 ||    94
    Use: Potion            |       |     4 ||     4
         Scroll            |       |     8 ||     8
   Stab: Distracted        |     1 |       ||     1
         Sleeping          |     1 |     3 ||     4
 Armour: Leather armour    |    23 |    28 ||    51
         Skin              |       |     1 ||     1
  Dodge: Dodged            |    30 |    38 ||    68

Table legend: (Time is in decaauts)
 A = Elapsed time spent in this place.
 B = Non-inter-level travel time spent in this place.
 C = Inter-level travel time spent in this place.
 D = Time resting spent in this place.
 E = Time spent auto-exploring this place.
 F = Levels seen in this place.
 G = Mean time per level.
                   A        B        C        D        E       F      G
               +--------+--------+--------+--------+--------+-----+--------+
         Total |   1522 |   1423 |     99 |      0 |   1123 |   3 |  507.3 |
       Dungeon |   1522 |   1423 |     99 |      0 |   1123 |   3 |  507.3 |
               +--------+--------+--------+--------+--------+-----+--------+

Top non-repeatable levels by time:
     D:2: 774 daAuts
     D:1: 621 daAuts
     D:3: 127 daAuts
